 Dungeon Crawl Stone Soup version 0.29-a0-355-g7276a9ff7f (webtiles) character file.

Game seed: 668896738520987921

16672 Morbidden the Cleaver (level 12, -4/104 HPs)
             Began as a Minotaur Fighter on Apr 25, 2022.
             Was a High Priest of Cheibriados.
             Slain by Sonja
             ... wielding a +1 short sword of distortion
              (13 damage)
             ... on level 1 of the Lair of Beasts.
             The game lasted 00:16:43 (12118 turns).

Morbidden the Cleaver (Minotaur Fighter)           Turns: 12118, Time: 00:16:44

Health: -4/104     AC: 20    Str: 42    XL:     12   Next: 12%
Magic:  16/16      EV: 13    Int: 18    God:    Cheibriados [*****.]
Gold:   551        SH:  0    Dex: 24    Spells: 10/18 levels left

rFire   . . .      SeeInvis +   a - +1 battleaxe (flame)
rCold   . . .      Faith    .   (shield currently unavailable)
rNeg    . . .      Spirit   .   s - +0 plate armour
rPois   .          Reflect  .   (helmet restricted)
rElec   .          Harm     .   (no cloak)
rCorr   .          Rampage  .   b - +2 pair of gloves
Will    .....                   (no boots)
Stlth   ..........              (no amulet)
HPRegen 0.27/turn               D - +4 ring of protection
MPRegen 0.15/turn               S - ring "Pastas" {Str+4 SInv}

@: slowed, very slow
A: horns 2, retaliatory headbutt
a: Renounce Religion, Bend Time, Temporal Distortion, Slouch, Step From Time


You were on level 1 of the Lair of Beasts.
You worshipped Cheibriados.
Cheibriados was extremely pleased with you.
You visited 3 branches of the dungeon, and saw 12 of its levels.
You also visited: Bailey.

You collected 551 gold pieces.

Inventory:

Hand Weapons
 a - a +1 battleaxe of flaming (weapon)
 n - a +0 broad axe
 I - a +0 morningstar
 R - a +5 dire flail
Missiles
 o - 10 poisoned darts (quivered)
 A - a boomerang
 V - a curare-tipped dart
Armour
 b - a +2 pair of gloves (worn)
 q - a +0 buckler
 s - a +0 plate armour (worn)
Jewellery
 z - a ring of ice
 D - a +4 ring of protection (left hand)
 F - an amulet of faith
 K - a ring of willpower
 S - the ring "Pastas" (right hand) {Str+4 SInv}
   (You found it on level 9 of the Dungeon)

   [ring of see invisible]

   Str:       It affects your strength (+4).
   SInv:      It lets you see invisible.
Wands
 u - a wand of digging (6)
 J - a wand of flame (24)
 L - a wand of polymorph (3)
 M - a wand of paralysis (5)
 O - a wand of iceblast (13)
Scrolls
 c - a scroll of summoning {unknown}
 f - a scroll of fog
 h - 5 scrolls of identify
 i - 2 scrolls of amnesia {unknown}
 j - a scroll of silence {unknown}
 p - a scroll of enchant armour
 t - 6 scrolls of teleportation
 x - a scroll of holy word {unknown}
 y - a scroll of fear {unknown}
 B - 2 scrolls of enchant weapon
 G - a scroll of blinking {unknown}
 Q - a scroll of immolation {unknown}
 U - a scroll of magic mapping
Potions
 d - 3 potions of might
 e - 2 potions of cancellation {unknown}
 g - 5 potions of curing
 k - 2 potions of lignification {unknown}
 l - 4 potions of resistance
 m - 5 potions of attraction
 r - 3 potions of mutation {unknown}
 v - 3 potions of degeneration {unknown}
 w - a potion of flight {unknown}
 C - 2 potions of heal wounds {unknown}
 E - 5 potions of haste {unknown}
 H - 2 potions of invisibility {unknown}
 N - 3 potions of brilliance {unknown}
 P - 2 potions of magic {unknown}
 T - a potion of berserk rage {unknown}


   Skills:
 * Level 9.1 Fighting
 * Level 13.9(14.3) Axes
 * Level 5.6(10.6) Maces & Flails
 + Level 4.6 Throwing
 + Level 7.8 Armour
 * Level 6.4 Dodging
 + Level 0.2 Stealth
 + Level 4.0 Shields
 + Level 0.2 Unarmed Combat
 * Level 3.9 Spellcasting
 * Level 0.7 Conjurations
 * Level 1.4 Translocations
 * Level 3.1 Air Magic
 * Level 5.1 Invocations
 * Level 2.3 Evocations


You had 10 spell levels left.
You knew the following spells:

 Your Spells              Type           Power      Damage    Failure   Level
a - Airstrike             Air            7%         N/A       88%         4
z - Iskenderun's Mystic   Conj/Tloc      7%         2d4       99%         4

Your spell library contained the following spells:

 Spells                   Type           Power      Damage    Failure   Level
 Shock                    Conj/Air       40%        1d5       30%         1
 Swiftness                Air            14%        N/A       50%         3
 Dazzling Flash           Conj/Hex       8%         N/A       87%         3
 Summon Lightning Spire   Summ/Air       9%         N/A       98%         4
 Hailstorm                Conj/Ice       4%         3d4       99%         4
 Ice Form                 Ice/Tmut       3%         N/A       100%        4
 Lightning Bolt           Conj/Air       5%         1d17      100%        5
 Simulacrum               Ice/Necr       1%         N/A       100%        6
 Starburst                Conj/Fire      2%         6d3       100%        6


Dungeon Overview and Level Annotations

Branches:
Dungeon (10/15)            Temple (1/1) D:5            Lair (1/6) D:8
 Bailey (visited)
    Orc: D:9-12

Altars:
Ashenzari
Cheibriados
Dithmenos
Elyvilon
Fedhas
Hepliaklqana
Kikubaaqudgha
Makhleb
Nemelex Xobeh
Okawaru
Qazlal
Ru
Uskayaw
Vehumet
Wu Jian
Xom
Yredelemnul
Zin
The Shining One
Lugonu

Shops:
D:1 *   D:4 (   D:7 *

Annotations:
D:3 Sigmund
D:6 1 runed translucent door, Crazy Yiuf
D:8 2 runed translucent doors, 1 transporter
Lair:1 Sonja


Innate Abilities, Weirdness & Mutations

You have a pair of horns on your head.
You reflexively headbutt those who attack you in melee.


Message History

You are more poisoned.
You have difficulty breathing.
You feel as though you will be slow longer.
Unknown command.
Unknown command.
Throw: 12 darts (poison)
Press: ? - help, Q - select action, (/) - cycle Shift-Dir - straight line, f/p - Sonja
Aim: Sonja, wielding a +1 short sword of distortion and quivering curare-tipped darts (moderately wounded, very poisoned, 32% to hit)
You throw a poisoned dart. The poisoned dart misses Sonja.
You feel very sick.
Sonja plants her feet in a plie.
Sonja throws a curare-tipped dart.
The curare-tipped dart closely misses you.
Throw: 11 darts (poison)
Press: ? - help, Q - select action, (/) - cycle Shift-Dir - straight line, f/p - Sonja
Aim: Sonja, wielding a +1 short sword of distortion and quivering curare-tipped darts (moderately wounded, poisoned, 32% to hit)
You throw a poisoned dart. The poisoned dart hits Sonja.
Sonja looks even sicker.
Sonja is moderately wounded.
You feel very sick.
Unknown command.
Activating: Slouch (19% risk of failure)
Press: ? - help, Dir - look around, f - activate You fail to use your ability.
You feel very sick. Sonja hits you but does no damage. Space warps around you.
* * * LOW HITPOINT WARNING * * *
Sonja barely misses you. Sonja hits you but does no damage.
Space warps horribly around you!
* * * LOW HITPOINT WARNING * * *
Unknown command.
Unknown command.
Unknown command.
You feel better.
Sonja hits you with a +1 short sword of distortion.
* * * LOW HITPOINT WARNING * * *
Space warps horribly around you!
* * * LOW HITPOINT WARNING * * *
Sonja hits you but does no damage. Space warps horribly around you!
You die...

### ###
####P###########.########.
...................(.....^
..................(†(.....
.....................(....
..............>.K.......(.
................@.........
....................>.....
.#.###########..###.#P###.
#### #### ####


You could see Sonja (very poisoned).

Vanquished Creatures
  2 vault guards (Bailey)
  A centaur warrior (D:8)
  2 two-headed ogres
  2 cane toads (Lair:1)
  A rime drake (Lair:1)
  A kobold demonologist (D:9)
  A hornet (D:9)
  Prince Ribbit (Bailey)
  A vampire (D:10)
  27 yaks
  10 humans
  2 wyverns
  5 vampire mosquitoes
  2 steam dragons
  2 water moccasins
  An acid dragon (D:9)
  2 black bears (D:8)
  4 ice beasts
  5 orc warriors
  2 sky beasts
  2 ogres
  2 centaurs
  A phantom (D:7)
  2 kobold brigands
  17 bullfrogs
  A gnoll sergeant (D:7)
  3 necrophages
  9 scorpions
  9 wights
  An electric eel (D:8)
  4 howler monkeys
  4 hounds
  12 orc priests
  2 iguanas (D:6)
  7 orc wizards
  9 gnolls
  9 adders
  3 shadow imps (D:7)
  2 white imps
  2 ufetubi
  2 worms
  4 dart slugs
  34 orcs
  8 endoplasms
  5 giant cockroaches
  7 goblins
  9 hobgoblins
  A jackal (D:3)
  15 kobolds
  2 quokkas
  6 ball pythons
  8 bats
  3 frilled lizards
  2 rats (D:1)
281 creatures vanquished.

Vanquished Creatures (others)
  36 fungi
  45 plants
81 creatures vanquished.

Grand Total: 362 creatures vanquished

Notes
Turn   | Place    | Note
-------+----------+-------------------------------------------
     0 | D:1      | Morbidden the Minotaur Fighter began the quest for the Orb.
     0 | D:1      | Reached XP level 1. HP: 19/19 MP: 0/0
     6 | D:1      | Found Etekhly's General Store.
   163 | D:1      | Reached XP level 2. HP: 25/27 MP: 1/1
   577 | D:2      | Reached skill level 3 in Axes
   577 | D:2      | Reached XP level 3. HP: 27/33 MP: 2/2
   650 | D:2      | Reached skill level 1 in Dodging
  1298 | D:2      | Found a faded altar of an unknown god.
  1306 | D:2      | Reached XP level 4. HP: 40/40 MP: 3/3
  1575 | D:3      | Noticed Sigmund
  2063 | D:3      | Reached skill level 4 in Axes
  2379 | D:4      | Noticed an ogre
  2592 | D:4      | Killed an ogre
  2593 | D:4      | Reached skill level 1 in Spellcasting
  2593 | D:4      | Reached XP level 5. HP: 47/47 MP: 5/5
  2633 | D:4      | Reached skill level 5 in Axes
  2644 | D:4      | Reached XP level 6. HP: 24/53 MP: 6/6
  2976 | D:4      | Found Poedotzi's Weapon Emporium.
  3083 | D:4      | Noticed an ice beast
  3087 | D:4      | Killed an ice beast
  3088 | D:4      | Reached skill level 6 in Axes
  3231 | D:4      | Reached skill level 5 in Fighting
  3231 | D:4      | Reached skill level 1 in Throwing
  3231 | D:4      | Reached XP level 7. HP: 61/61 MP: 7/7
  3333 | D:5      | Entered Level 5 of the Dungeon
  3494 | D:5      | Reached skill level 7 in Axes
  3760 | D:5      | Found a staircase to the Ecumenical Temple.
  3781 | Temple   | Entered the Ecumenical Temple
  3909 | Temple   | Became a worshipper of Cheibriados the Contemplative
  4224 | D:5      | Reached skill level 8 in Axes
  4224 | D:5      | Reached XP level 8. HP: 70/70 MP: 9/9
  4442 | D:6      | Found a hide-covered altar of Uskayaw.
  4443 | D:6      | Found an iron altar of Okawaru.
  4452 | D:6      | Reached skill level 5 in Armour
  4597 | D:6      | Reached skill level 1 in Invocations
  4685 | D:6      | Reached * piety under Cheibriados
  5068 | D:6      | Found a runed translucent door.
  5069 | D:6      | Noticed Crazy Yiuf
  5173 | D:6      | Reached skill level 1 in Maces & Flails
  5268 | D:6      | Reached skill level 9 in Axes
  5684 | D:6      | Reached XP level 9. HP: 75/75 MP: 11/11
  5946 | D:7      | Found Esew's Mayhem Merchandise.
  5959 | D:7      | Learned a level 4 spell: Airstrike
  6004 | D:7      | Reached ** piety under Cheibriados
  6022 | D:7      | Reached skill level 10 in Axes
  6043 | D:7      | Found a flagged portal.
  6192 | Bailey   | Entered a bailey
  6360 | Bailey   | Reached skill level 1 in Air Magic
  6377 | Bailey   | Reached *** piety under Cheibriados
  6440 | Bailey   | Reached skill level 11 in Axes
  6440 | Bailey   | Noticed Prince Ribbit
  6447 | Bailey   | Killed Prince Ribbit
  6531 | Bailey   | Reached XP level 10. HP: 86/86 MP: 13/13
  6534 | Bailey   | Noticed a vault guard
  6659 | Bailey   | Killed a vault guard
  6891 | Bailey   | Noticed a vault guard
  6899 | Bailey   | Killed a vault guard
  7690 | D:7      | Found a shadowy altar of Dithmenos.
  7865 | D:8      | Reached skill level 12 in Axes
  7998 | D:8      | Found a large runed translucent door.
  7999 | D:8      | Found a large runed translucent door.
  8000 | D:8      | Noticed a centaur warrior
  8008 | D:8      | Killed a centaur warrior
  8008 | D:8      | Reached **** piety under Cheibriados
  8009 | D:8      | Reached skill level 5 in Dodging
  8352 | D:8      | Noticed a brown ugly thing
  8354 | D:8      | Found a corrupted altar of Lugonu.
  8354 | D:8      | Found a transporter.
  8355 | D:8      | Noticed a white ugly thing
  8356 | D:8      | Noticed a red ugly thing
  8383 | D:8      | Reached XP level 11. HP: 94/94 MP: 15/15
  8383 | D:8      | Noticed a two-headed ogre
  8399 | D:8      | Killed a two-headed ogre
  8667 | D:8      | Found a staircase to the Lair.
 10034 | D:9      | Reached skill level 13 in Axes
 10184 | D:9      | Identified the ring "Pastas" {Str+4 SInv}
 10387 | D:9      | Reached skill level 1 in Evocations
 10477 | D:9      | Learned a level 4 spell: Iskenderun's Mystic Blast
 10604 | D:10     | Entered Level 10 of the Dungeon
 10604 | D:10     | Noticed a two-headed ogre
 10604 | D:10     | Found a sparkling altar of Nemelex Xobeh.
 10614 | D:10     | Killed a two-headed ogre
 10614 | D:10     | Reached ***** piety under Cheibriados
 10779 | D:10     | Reached skill level 5 in Maces & Flails
 11383 | D:10     | Reached skill level 1 in Translocations
 11538 | D:10     | Identified the +2 leather armour "Voruw" {+Inv rElec rF-
                  | Int+4}
 11841 | Lair:1   | Entered Level 1 of the Lair of Beasts
 11931 | Lair:1   | Reached XP level 12. HP: 104/104 MP: 16/16
 11932 | Lair:1   | Reached skill level 5 in Invocations
 12108 | Lair:1   | Noticed Sonja
 12118 | Lair:1   | Slain by Sonja

Illustrated notes

Levels and vault maps discovered:
D:1:      dpeg_arrival_tiny_h, layout_rooms, serial_shops, shop
D:2:      minmay_evil_eye, layout_loops_ring,
          hellmonk_ecumenical_altar_lost_god, nicolae_figureground_pulse
D:3:      layout_loops_ring, minmay_fractal_squares_5, uniq_sigmund
D:4:      layout_loops_ring, serial_shops, shop, hex_medium
D:5:      corexii_shack_village, layout_cave_pools,
          minmay_temple_entry_poolview, minivault_27
D:6:      layout_basic, grunt_temple_overflow_open, minmay_misc_feat_diagonals,
          st_stairs_12, uniq_crazy_yiuf_cottage
D:7:      minmay_angry_zag, layout_basic, nicolae_dithmenos_the_darkroom,
          enter_bailey_2, dk_noncrumbling_2, minmay_shop_mayhem
D:8:      gammafunk_corrupted_shrine, layout_basic, jmf_multi_god_temple2,
          due_lair_maze_entry_diamond, nicolae_lava_and_water, abandoned_shop
D:9:      minmay_inner_zag, layout_cave_pools
D:10:     layout_cave_pools, nemelex_xobeh_ov_fountains_minmay, minmay_ruffians
Temple:   eino_temple_scatter_basement
Lair:1:   layout_big_grid, gammafunk_ghost_hive, uniq_sonja

Skill      XL: |  1  2  3  4  5  6  7  8  9 10 11 12 |
---------------+-------------------------------------+-----
Fighting       | 4 5 6 7 9 |  9.1
Axes           | 3 4 5 6 8 9 11 12 13 | 13.9
Armour         | 4 5 6 7 |  7.8
Dodging        | 1 2 3 4 5 6 |  6.4
Spellcasting   | 1 2 3 |  3.9
Shields        | 4 |  4.0
Throwing       | 1 3 4 |  4.6
Invocations    | 2 3 4 5 |  5.1
Maces & Flails | 1 2 4 5 |  5.6
Air Magic      | 1 2 3 |  3.1
Evocations     | 2 |  2.3
Translocations | 1 |  1.4
Stealth        | |  0.2
Unarmed Combat | |  0.2
Conjurations   | |  0.7

Action                   |  1- 3 |  4- 6 |  7- 9 | 10-12 || total
-------------------------+-------+-------+-------+-------++-------
Melee: War axe           |    84 |     3 |       |       ||    87
       Headbutt          |    12 |    10 |    29 |    42 ||    93
       Battleaxe         |       |    84 |   178 |   218 ||   480
       Unarmed           |       |       |    15 |       ||    15
Throw: Dart              |       |    16 |    43 |    32 ||    91
       Boomerang         |       |       |    32 |       ||    32
Invok: Bend Time         |       |       |       |     1 ||     1
Evoke: Wand              |       |       |       |     1 ||     1
  Use: Potion            |       |     1 |     2 |     1 ||     4
       Scroll            |       |       |     6 |     1 ||     7
Armor: Scale mail        |    49 |     1 |       |       ||    50
       Plate armour      |       |    59 |   126 |   149 ||   334
       Skin              |       |       |     1 |       ||     1
Dodge: Dodged            |    41 |    36 |    84 |   141 ||   302
Block: Buckler           |    17 |       |       |       ||    17

Table legend: (Time is in decaauts)
 A = Elapsed time spent in this place.
 B = Non-inter-level travel time spent in this place.
 C = Inter-level travel time spent in this place.
 D = Time resting spent in this place.
 E = Time spent auto-exploring this place.
 F = Levels seen in this place.
 G = Mean time per level.
                   A        B        C        D        E       F      G
               +--------+--------+--------+--------+--------+-----+--------+
         Total |  14310 |  13531 |    779 |   1559 |   9546 |  13 | 1100.8 |
       Dungeon |  12858 |  12102 |    756 |   1105 |   8924 |  10 | 1285.8 |
        Temple |    145 |    123 |     22 |      0 |     95 |   1 |  145.0 |
          Lair |    359 |    359 |      0 |      0 |    302 |   1 |  359.0 |
        Bailey |    947 |    947 |      0 |    454 |    225 |   1 |  947.0 |
               +--------+--------+--------+--------+--------+-----+--------+

Top non-repeatable levels by time:
     D:8: 2420 daAuts
     D:6: 1775 daAuts
    D:10: 1578 daAuts
     D:7: 1447 daAuts
     D:9: 1197 daAuts
     D:2: 1057 daAuts
     D:5: 977 daAuts
     D:4: 956 daAuts
  Bailey: 947 daAuts
     D:3: 875 daAuts
     D:1: 572 daAuts
  Lair:1: 359 daAuts
  Temple: 145 daAuts
